 Dungeon Crawl Stone Soup version 0.18-a0-1778-gadce9fa (webtiles) character file.

64 4thArraOfDagon the Skirmisher (level 3, -9/34 HPs)
             Began as a Minotaur Conjurer on Apr 16, 2016.
             Killed by divine providence
             ... invoked by an orc priest
              (16 damage)
             ... on level 5 of the Dungeon.
             The game lasted 00:04:30 (727 turns).

4thArraOfDagon the Skirmisher (Minotaur Conjurer)    Turns: 727, Time: 00:04:31

Health: -9/34      AC:  6    Str: 12    XL:     3   Next: 91%
Magic:  8/13       EV: 10    Int: 13    God:
Gold:   59         SH:  0    Dex: 10    Spells: 1 memorised, 3 levels left

rFire  . . .     SeeInvis .     (no weapon)
rCold  . . .     Gourm    .     j - +1 ring mail
rNeg   . . .     Faith    .     (no shield)
rPois  .         Spirit   .     (helmet restricted)
rElec  .         Dismiss  .     (no cloak)
rCorr  .         Reflect  .     (no gloves)
SustAt .         Harm     .     (no boots)
MR     +....                    (no amulet)
Stlth  +.........               (no ring)
                                d - ring of magical power

@: very slightly contaminated, somewhat resistant to hostile enchantments, very
unstealthy
A: retaliatory headbutt, horns 2, magic resistance 1
a: no special abilities


You were on level 5 of the Dungeon.
You were not hungry.

You visited 1 branch of the dungeon, and saw 5 of its levels.

You collected 59 gold pieces.

Inventory:

Armour
 j - a +1 ring mail (worn)
 l - a cursed -2 ring mail
Jewellery
 d - a ring of magical power (left hand)
Books
 b - a book of Conjurations

   Spells                             Type                      Level
   a - Magic Dart                     Conjuration                  1
   b - Searing Ray                    Conjuration                  2
   c - Dazzling Spray                 Conjuration/Hexes            3
   d - Fulminant Prism                Conjuration/Hexes            4
   e - Iskenderun's Mystic Blast      Conjuration                  4
   f - Iskenderun's Battlesphere      Conjuration/Charms           5
 m - a book of Battle

   Spells                             Type                      Level
   a - Infusion                       Charms                       1
   b - Shroud of Golubria             Charms/Translocation         2
   c - Song of Slaying                Charms                       2
   d - Spectral Weapon                Hexes/Charms                 3
   e - Regeneration                   Charms/Necromancy            3
Comestibles
 c - 2 bread rations
 h - a meat ration
 k - 2 chunks of flesh


   Skills:
 + Level 4.3 Fighting
 - Level 2.1 Dodging
 - Level 1.5 Stealth
 - Level 1.3 Spellcasting
 - Level 2.9 Conjurations


You had 3 spell levels left.
You knew the following spells:

 Your Spells              Type           Power        Failure   Level  Hunger
a - Magic Dart            Conj           #...         21%         1    ##.....


Dungeon Overview and Level Annotations

Branches:
Dungeon (5/15)
 Temple: D:4-7

Altars:


Innate Abilities, Weirdness & Mutations

You reflexively headbutt those who attack you in melee.
You have a pair of horns on your head.
You are resistant to hostile enchantments.


Message History

The orc priest is lightly wounded.
Casting: Magic Dart
Confirm with . or Enter, or press ? or * to list all spells.
Aiming: Magic Dart
Press: ? - help, Shift-Dir - straight line, f/p - orc priest
Aim: an orc priest, wielding a short sword and wearing a ring mail (lightly wounded)
The magic dart hits the orc priest.
The orc priest is lightly wounded.
Casting: Magic Dart
Confirm with . or Enter, or press ? or * to list all spells.
Aiming: Magic Dart
Press: ? - help, Shift-Dir - straight line, f/p - orc priest
Aim: an orc priest, wielding a short sword and wearing a ring mail (lightly wounded)
The magic dart hits the orc priest.
The orc priest is lightly wounded.
An orc priest comes into view.
Unknown command.
The orc priest calls down the wrath of Beogh upon you.
Beogh smites you!
You die...

###+######
##........#
......o....#
.........@.#
..........<#
...........#
...........#
.o.........#
...######...
.. #....
#.... #....


You could see an orc priest.

Vanquished Creatures
  2 adders
  An ooze (D:2)
  A dart slug (D:2)
  A giant gecko (D:2)
  7 orcs
  2 goblins (D:2)
  A hobgoblin (D:2)
  4 jackals
  2 kobolds
  3 quokkas
  A bat (D:2)
  3 giant newts
  A jackal skeleton (D:4)
  2 rats
31 creatures vanquished.

Notes
Turn   | Place    | Note
--------------------------------------------------------------
     0 | D:1      | 4thArraOfDagon the Minotaur Conjurer began the quest for the Orb.
     0 | D:1      | Reached XP level 1. HP: 14/14 MP: 1/1
    88 | D:2      | Reached skill level 1 in Fighting
   130 | D:2      | Reached skill level 2 in Fighting
   181 | D:2      | Reached XP level 2. HP: 6/24 MP: 3/3
   230 | D:2      | Gained mutation: You are resistant to hostile enchantments. [potion of beneficial mutation]
   285 | D:2      | Reached skill level 3 in Fighting
   285 | D:2      | Reached XP level 3. HP: 10/31 MP: 1/4
   469 | D:3      | :)
   469 | D:3      | RIP
   563 | D:4      | Reached skill level 4 in Fighting
   714 | D:5      | Entered Level 5 of the Dungeon
   721 | D:5      | RIP
   727 | D:5      | Killed from afar by an orc priest

Vault maps used:
D:1:      minmay_arrival_stair_chambers
D:2:      first_bread, minmay_misc_feat_secret_circle, minmay_misc_feat_plants,
          uniq_crazy_yiuf_cottage
D:3:      nicolae_overflow_crystal_walls, ecumenical_altar_1, uniq_grinder
D:4:      gup_sewer_entry_glass, st_stairs_6, fountainhead,
          nicolae_underground_beach
D:5:      grunt_temple_overflow_open, tso_altar, serial_shops, shop,
          nicolae_shop_overgrown_old_shop, shop, shop_statue,
          nicolae_shop_waterfront, basic_altar, minivault_24

Skill      XL: |  1  2  3 |
---------------+----------+-----
Fighting       | 2 3 4 |  4.3
Dodging        | |  2.1
Stealth        | |  1.5
Spellcasting   | |  1.3
Conjurations   | |  2.9

Action                   || total
-------------------------++-------
Melee: Unarmed           ||    69
       Headbutt          ||    10
       Falchion          ||    12
 Cast: Magic Dart        ||    58
  Use: Potion            ||     1
       Scroll            ||     7
 Stab: Sleeping          ||     2
  Eat: Chunk             ||     2
Armor: Robe              ||     2
       Ring mail         ||    33
Dodge: Dodged            ||    81
